 Dungeon Crawl Stone Soup version 0.21.0-3-g78d12a8 (webtiles) character file.

47244 komo4ek the Cleaver (level 14, -1/92 HPs)
             Began as a Gargoyle Fighter on Jan 10, 2018.
             Was the Champion of Ru.
             Killed by divine providence
             ... invoked by an orc high priest
              (12 damage)
             ... on level 2 of the Orcish Mines.
             The game lasted 00:59:51 (18301 turns).

komo4ek the Cleaver (Gargoyle Fighter)             Turns: 18301, Time: 00:59:52

Health: -1/92      AC:  1    Str: 29    XL:     14   Next: 41%
Magic:  0/14       EV:  8    Int:  9    God:    Ru [******]
Gold:   1750       SH: 16    Dex: 14    Spells: 13/13 levels left

rFire    x . .     SeeInvis .   h - +2 hand axe (flame)
rCold    . . .     Gourm    .   K - +2 shield of Yrphikox {Str+4 Slay+5}
rNeg     + . .     Faith    .   X - +1 chain mail {rC+}
rPois    ∞         Spirit   +   d - +0 helmet
rElec    +         Reflect  .   k - scarf {Spirit}
rCorr    .         Harm     .   m - +0 pair of gloves
MR       +....     Clarity  +   (no boots)
Stlth    ..........             S - amulet of regeneration
HPRegen  0.65/turn              e - ring of Robustness {AC+8}
MPRegen  0.14/turn              V - +5 ring of dexterity

@: no potions, corroded, no scrolls, drained
A: big wings, hooves 1, clarity, negative energy resistance 1, electricity
resistance, unbreathing, petrification resistance, rot immunity, inability to
drink while threatened, inability to read while threatened, reduced AC 1,
temperature sensitive, AC +10
a: Fly, Draw Out Power, Power Leap, Apocalypse, Renounce Religion


You were on level 2 of the Orcish Mines.
You worshipped Ru.
Ru was exalted by your worship.
You were hungry.

You visited 4 branches of the dungeon, and saw 20 of its levels.
You also visited: Labyrinth.

You collected 2102 gold pieces.
You spent 352 gold pieces at shops.

Inventory:

Hand Weapons
 h - a +2 hand axe of flaming (weapon)
 y - a +0 hand axe of chopping
Armour
 d - a +0 helmet (worn)
 k - a scarf of spirit shield (worn)
 m - a +0 pair of gloves (worn)
 K - the +2 shield of Yrphikox (worn) {Str+4 Slay+5}
   (You bought it in a shop on level 8 of the Dungeon)

   It affects your strength (+4).
   It affects your accuracy and damage with ranged weapons and melee attacks
   (+5).
 X - a +1 chain mail of cold resistance (worn)
Jewellery
 e - the ring of Robustness (left hand) {AC+8}
   (You took it off a minotaur in a labyrinth)

   [ring of protection]

   It affects your AC (+8).
 C - an uncursed ring of protection from cold
 Q - an uncursed ring of teleportation
 S - an amulet of regeneration (around neck)
 V - a +5 ring of dexterity (right hand)
Wands
 v - a wand of acid (24)
 B - a wand of polymorph (14)
 H - a wand of random effects (32)
 J - a wand of enslavement (13)
 L - a wand of paralysis (14)
 M - a wand of iceblast (19)
 T - a wand of disintegration (29)
 Y - a wand of flame (61)
Scrolls
 a - 7 scrolls of identify
 b - a scroll of summoning {unknown}
 g - 3 scrolls of enchant weapon
 j - 3 scrolls of remove curse
 l - 2 scrolls of enchant armour {unknown}
 n - 13 scrolls of teleportation
 p - 4 scrolls of amnesia {unknown}
 q - 4 scrolls of immolation {unknown}
 t - 5 scrolls of blinking
 w - 4 scrolls of magic mapping
 z - 4 scrolls of fear {unknown}
 F - 3 scrolls of fog {unknown}
 N - 2 scrolls of acquirement {unknown}
 W - a scroll of torment {unknown}
Potions
 c - a potion of agility {unknown}
 i - 2 potions of ambrosia
 o - a potion of haste {unknown}
 r - 2 potions of invisibility
 s - 2 potions of heal wounds
 u - a potion of magic {unknown}
 x - a potion of flight {unknown}
 A - 3 potions of degeneration
 D - a potion of might
 E - a potion of lignification {unknown}
 G - a potion of resistance {unknown}
 I - 2 potions of brilliance {unknown}
 O - 3 potions of curing
 P - 2 potions of cancellation {unknown}
 Z - 2 potions of berserk rage
Comestibles
 f - 14 rations


   Skills:
 + Level 12.4(11.9) Fighting
 * Level 14.1(13.6) Axes
 + Level 12.4(12.0) Armour
 + Level 12.4(11.9) Shields


You had 13 spell levels left.
You didn't know any spells.

Dungeon Overview and Level Annotations

Branches:
Dungeon (13/15)            Temple (0/1) D:4            Lair (4/6) D:9
  Swamp (0/4) Lair:2       Spider (1/4) Lair:2          Orc (2/2) D:11
    Elf (0/3) Orc:2
 Vaults: D:13-14

Altars:
Cheibriados
Fedhas
Kikubaaqudgha
Qazlal
Ru
Sif Muna
Xom
Yredelemnul
The Shining One
Beogh

Shops:
D:5 !%   D:8 ([=[*   D:9 }   Orc:1 (   Orc:2 [*=

Annotations:
D:10 3 runed doors


Innate Abilities, Weirdness & Mutations

You are resistant to torment.
Your stone body is resilient. (AC +10)
You are immune to poison.
Your large and strong wings let you fly indefinitely.
You resist negative energy. (rN+)
You are resistant to electric shocks. (rElec)
You can survive without breathing.
You are immune to petrification.
You are immune to rotting.
You cannot drink potions while threatened.
You cannot read scrolls while threatened.
You take slightly more damage. (AC -5)
You are sensitive to extremes of temperature. (rF-, rC-)
You have large cloven feet.
You possess an exceptional clarity of mind.


Message History

Aim: an orc high priest, wielding a glaive and wearing a runed chain mail (severely wounded, blind, chance to defeat MR: 15%)
The orc high priest resists with almost no effort.
You block the orc high priest's attack.
Evoke which item? (* to show all) (? for menu, Esc to quit)
Aiming: Paralyse
Press: ? - help, Shift-Dir - straight line, f/p - orc high priest
Aim: an orc high priest, wielding a glaive and wearing a runed chain mail (severely wounded, blind, chance to defeat MR: 15%)
The orc high priest resists with almost no effort.
You catch the helpless orc high priest completely off-guard!
You hit the orc high priest. You burn the orc high priest.
You kick the orc high priest, but do no damage.
The orc high priest is severely wounded.
The orc high priest begins to pray, but is stunned by your will!
You strike the helpless orc high priest from behind!
You slash the orc high priest! You burn the orc high priest.
You kick the orc high priest, but do no damage.
The orc high priest is almost dead.
The orc high priest mumbles some strange prayers to Beogh against you.
Beogh smites you!
You die...

..#.# #.# #.#....∩#............#
..#.###.###.#.....#...........##
).#.........#../..#............#
###.###.###.#.†)[.#............#
†...# #.# #.###)###............#
.⌠..# #.# #....().....)........#
....# #.# #..##'###.)..........#
.............#))[.#............#
###.#######..#.)@.#...........##
# .# #..#...o#...........# # #
#..######...........## .
.....................# .
.....................#
##..................##
#...................#
##..................#
#...................#


You could see an orc high priest (blind).

Vanquished Creatures
  An azure jelly (Lair:2)
  The ghost of feelmyfire the Black Belt, a journeyman DgTm (Orc:2)
  An entropy weaver (Lair:4)
  Nessos (Lair:4)
  A minotaur (Lab)
  Snorg (D:12)
  2 hydras (Lair:3)
  A centaur warrior (D:13)
  3 two-headed ogres
  Nergalle (D:11)
  5 orc high priests
  An iron troll (Lair:2)
  2 unseen horrors
  2 wolf spiders (Spider:1)
  An orange crystal statue (D:10)
  An ugly thing (D:13)
  A cyclops (D:11)
  2 manticores
  A centaur zombie (D:13)
  An elephant (D:9)
  3 black mambas
  5 spiny frogs
  2 gargoyles (Lab)
  4 komodo dragons
  The ghost of UnlimitedFusion the Cudgeler, a novice GrFi of Okawaru (D:6)
  A kobold demonologist (D:11)
  A minotaur skeleton (Lab)
  4 trolls
  8 blink frogs
  8 hippogriffs
  10 redbacks
  A shadow (D:13)
  A tarantella (Spider:1)
  30 yaks
  12 basilisks
  3 wyverns
  A human (D:9)
  3 hungry ghosts
  7 wargs
  An acid dragon (D:10)
  8 water moccasins
  7 porcupines
  3 eyes of draining
  16 orc warriors
  2 sky beasts
  6 ice beasts
  3 phantoms
  3 black bears
  A necrophage (D:11)
  9 ogres
  4 wolves (Lair:1)
  10 centaurs
  10 crocodiles
  3 big kobolds
  12 bullfrogs
  A wyvern skeleton (D:13)
  3 scorpions
  5 killer bees (D:12)
  4 wights (D:8)
  6 howler monkeys
  6 electric eels
  2 crimson imps
  A bullfrog zombie (D:5)
  A centaur skeleton (D:10)
  3 jellies
  23 orc wizards
  3 hounds
  26 orc priests
  3 bullfrog skeletons
  4 iguanas
  Ijyb (D:5)
  10 worker ants
  2 hound skeletons
  Robin (D:1)
  12 adders
  2 shadow imps (D:11)
  An ooze (D:2)
  An adder zombie (D:8)
  4 adder skeletons
  2 worms (D:2)
  3 dart slugs (D:1)
  7 leopard geckos
  84 orcs
  8 giant cockroaches
  9 goblins
  10 hobgoblins
  5 jackals
  A quokka (D:7)
  A ball python (D:8)
  8 bats
  4 frilled lizards
  18 kobolds
  A quokka skeleton (D:9)
  8 rats
  8 plants
535 creatures vanquished.

Vanquished Creatures (others)
  A komodo dragon (Lair:3)
  A yak (Lair:3)
  A basilisk (Lab)
  An orc warrior (Orc:1)
  An orc priest (Orc:2)
  A rat (D:1)
  A fungus (Lair:4)
  5 plants
12 creatures vanquished.

Grand Total: 547 creatures vanquished

Notes
Turn   | Place    | Note
-------+----------+-------------------------------------------
     0 | D:1      | komo4ek the Gargoyle Fighter began the quest for the Orb.
     0 | D:1      | Reached XP level 1. HP: 14/14 MP: 1/1
    42 | D:1      | Reached skill level 2 in Axes
    72 | D:1      | Reached XP level 2. HP: 19/19 MP: 2/2
   130 | D:1      | Found a shimmering altar of Xom.
   312 | D:1      | Reached XP level 3. HP: 23/23 MP: 3/3
   533 | D:2      | Noticed Robin
   555 | D:1      | Killed Robin
  1004 | D:2      | Reached XP level 4. HP: 26/29 MP: 4/4
  1631 | D:3      | Reached skill level 3 in Axes
  1672 | D:3      | Reached XP level 5. HP: 25/33 MP: 1/5
  1880 | D:3      | Found a sacrificial altar of Ru.
  1889 | D:3      | Became a worshipper of Ru the Awakened
  2096 | D:3      | Reached XP level 6. HP: 28/39 MP: 3/6
  2302 | D:3      | Found a glowing golden altar of the Shining One.
  2507 | D:4      | Found a deep blue altar of Sif Muna.
  2737 | D:4      | Reached skill level 4 in Axes
  2843 | D:4      | Found a staircase to the Ecumenical Temple.
  2908 | D:5      | Entered Level 5 of the Dungeon
  2921 | D:5      | Found Filaur's Distillery.
  2927 | D:5      | Bought a potion of degeneration for 14 gold pieces
  3082 | D:5      | Reached XP level 7. HP: 39/44 MP: 5/7
  3160 | D:5      | Found Vaojus's Food Shoppe.
  3225 | D:5      | Reached skill level 5 in Shields
  3314 | D:5      | Reached skill level 5 in Fighting
  3314 | D:5      | Reached skill level 5 in Armour
  3474 | D:5      | Noticed Ijyb
  3498 | D:5      | Killed Ijyb
  3661 | D:6      | Noticed UnlimitedFusion's ghost (novice GrFi)
  4181 | D:6      | Killed UnlimitedFusion's ghost
  4181 | D:6      | Reached skill level 5 in Axes
  4181 | D:6      | Reached XP level 8. HP: 22/50 MP: 5/8
  4755 | D:6      | Reached skill level 6 in Axes
  5269 | D:7      | Reached XP level 9. HP: 55/55 MP: 9/9
  5346 | D:7      | Reached skill level 7 in Axes
  5536 | D:7      | Found a snail-covered altar of Cheibriados.
  5537 | D:7      | Found an ancient bone altar of Kikubaaqudgha.
  6065 | D:8      | Found Fawkes's Weapon Emporium.
  6239 | D:8      | Found a basalt altar of Yredelemnul.
  6241 | D:8      | Found a blossoming altar of Fedhas.
  6241 | D:8      | Found a stormy altar of Qazlal.
  6306 | D:8      | Found Eqekyec's Jewellery Shop.
  6310 | D:8      | Found Arphu's Antique Armour Shop.
  6311 | D:8      | Found Beanow's General Store.
  6311 | D:8      | Found Ecriut's Antique Armour Shop.
  6332 | D:8      | Bought a fine shield for 294 gold pieces
  6365 | D:8      | Identified the +2 shield of Yrphikox {Str+4 Slay+5} (You bought it in a shop on level 8 of the Dungeon)
  6399 | D:8      | Got a jewelled whip
  6401 | D:8      | Identified the +6 whip of the Spinneret {distort, *Rage +Fly rC+ Int+2} (You found it on level 8 of the Dungeon)
  6937 | D:9      | Found a staircase to the Lair.
  6937 | D:9      | Noticed an elephant
  6949 | D:9      | Reached skill level 8 in Axes
  6966 | D:9      | Reached XP level 10. HP: 53/63 MP: 10/10
  6979 | D:9      | Killed an elephant
  7281 | D:9      | Found Laothrom's Gadget Shop.
  7331 | D:9      | Noticed a two-headed ogre
  7339 | D:9      | Killed a two-headed ogre
  7339 | D:9      | Reached skill level 9 in Axes
  7711 | D:10     | Entered Level 10 of the Dungeon
  7749 | D:10     | Killed an unseen horror
  8104 | D:10     | Reached XP level 11. HP: 54/69 MP: 8/11
  8130 | D:10     | Found a runed door.
  8142 | D:10     | Found a runed door.
  8146 | D:10     | Noticed a two-headed ogre
  8155 | D:10     | Killed a two-headed ogre
  8167 | D:10     | Found a runed door.
  8179 | D:10     | Found a runed door.
  8191 | D:10     | Reached skill level 10 in Axes
  8595 | D:10     | Noticed an orange crystal statue
  8667 | D:10     | Killed an orange crystal statue
  8707 | D:11     | Noticed a two-headed ogre
  8715 | D:11     | Killed a two-headed ogre
  8733 | D:11     | Noticed a cyclops
  8743 | D:11     | Killed a cyclops
  8756 | D:11     | Found a staircase to the Orcish Mines.
  9127 | D:11     | Noticed a sixfirhy
  9566 | D:11     | Gained mutation: You take slightly more damage. (AC -5) [Ru sacrifice]
  9566 | D:11     | Reached * piety under Ru
  9566 | D:11     | Reached ** piety under Ru
  9626 | D:11     | Noticed a manticore
  9647 | D:11     | Killed a manticore
 10069 | D:11     | Noticed Nergalle
 10082 | D:11     | Killed Nergalle
 10181 | D:12     | Noticed Snorg
 10190 | D:12     | Killed Snorg
 10190 | D:12     | Reached skill level 11 in Axes
 10190 | D:12     | Reached skill level 10 in Armour
 10190 | D:12     | Reached XP level 12. HP: 77/77 MP: 12/12
 10251 | D:12     | Reached skill level 10 in Fighting
 10251 | D:12     | Reached skill level 10 in Shields
 11520 | D:13     | Gained mutation: You cannot drink potions while threatened. [Ru sacrifice]
 11520 | D:13     | Reached *** piety under Ru
 11914 | D:13     | Noticed a centaur warrior
 11923 | D:13     | Killed a centaur warrior
 12110 | Lair:1   | Entered Level 1 of the Lair of Beasts
 12187 | Lair:1   | Found a labyrinth entrance.
 12194 | Lair:1   | Reached skill level 12 in Axes
 12257 | Lab      | Entered a labyrinth
 12582 | Lab      | Found an exit through the horrors of the Abyss.
 12761 | Lab      | Found an exit through the horrors of the Abyss.
 12817 | Lab      | Found an exit through the horrors of the Abyss.
 12849 | Lab      | Found an exit through the horrors of the Abyss.
 13090 | Lab      | Noticed a minotaur
 13106 | Lab      | Killed a minotaur
 13106 | Lab      | Reached XP level 13. HP: 49/84 MP: 4/13
 13341 | Lair:1   | Gained mutation: You are sensitive to extremes of temperature. (rF-, rC-) [Ru sacrifice]
 13341 | Lair:1   | Reached **** piety under Ru
 13341 | Lair:1   | Reached ***** piety under Ru
 13383 | Lair:1   | Gained mutation: You are surrounded by a mild repulsion field. (EV +2) [potion of mutation]
 13383 | Lair:1   | Gained mutation: You have supernaturally acute eyesight. (SInv) [potion of mutation]
 13384 | Lair:1   | Lost mutation: You have supernaturally acute eyesight. (SInv) [potion of mutation]
 13384 | Lair:1   | Lost mutation: You are surrounded by a mild repulsion field. (EV +2) [potion of mutation]
 13384 | Lair:1   | Gained mutation: You have a pair of small antennae on your head. [potion of mutation]
 13384 | Lair:1   | Gained mutation: You have a beak for a mouth. [potion of mutation]
 13385 | Lair:1   | Lost mutation: You have a pair of small antennae on your head. [potion of mutation]
 13385 | Lair:1   | Lost mutation: You have a beak for a mouth. [potion of mutation]
 13385 | Lair:1   | Gained mutation: You have large cloven feet. [potion of mutation]
 13385 | Lair:1   | Gained mutation: You evolve. [potion of mutation]
 13385 | Lair:1   | Gained mutation: You possess an exceptional clarity of mind. [potion of mutation]
 13841 | Lair:1   | Found the +8 whip "Snakebite" {curare, rPois}
 13863 | Lair:1   | Lost mutation: You evolve. [evolution]
 14001 | Lair:2   | Noticed an azure jelly
 14001 | Lair:2   | a six-headed hydra changed into an azure jelly
 14012 | Lair:2   | Killed an azure jelly
 14260 | Lair:2   | Reached skill level 13 in Axes
 14384 | Lair:2   | Found a hole to the Spider Nest.
 14424 | Spider:1 | Entered Level 1 of the Spider Nest
 14673 | Lair:2   | Found a staircase to the Swamp.
 14915 | Lair:3   | Gained mutation: You cannot read scrolls while threatened. [Ru sacrifice]
 14915 | Lair:3   | Reached ****** piety under Ru
 16500 | Lair:4   | Noticed Nessos
 16518 | Lair:4   | Killed Nessos
 16521 | Lair:4   | Noticed an entropy weaver
 16521 | Lair:4   | a six-headed hydra changed into an entropy weaver
 16528 | Lair:4   | Killed an entropy weaver
 16528 | Lair:4   | Gained mutation: Your large and strong wings let you fly indefinitely. [Gargoyle growth]
 16528 | Lair:4   | Reached XP level 14. HP: 68/92 MP: 6/14
 17214 | Orc:1    | Entered Level 1 of the Orcish Mines
 17251 | Orc:1    | Found Attux's Weapon Boutique.
 17615 | Orc:2    | Entered Level 2 of the Orcish Mines
 17851 | Orc:2    | Found a roughly hewn altar of Beogh.
 17914 | Orc:2    | Noticed feelmyfire's ghost (journeyman DgTm)
 17939 | Orc:2    | Killed feelmyfire's ghost
 17939 | Orc:2    | Reached skill level 14 in Axes
 18084 | Orc:2    | Found a staircase to the Elven Halls.
 18158 | Orc:2    | Found Gauja Boxu's Armour Shop.
 18184 | Orc:2    | Found Mol Vief's General Store.
 18210 | Orc:2    | Bought a potion of might for 44 gold pieces
 18227 | Orc:2    | Found Gufad's Jewellery Shop.
 18301 | Orc:2    | Killed from afar by an orc high priest

Skill      XL: |  1  2  3  4  5  6  7  8  9 10 11 12 13 14 |
---------------+-------------------------------------------+-----
Axes           | 2 3 4 5 6 8 9 11 12 13 14 | 14.1
Armour         | 4 5 6 7 8 10 11 12 | 12.4
Fighting       | 4 5 6 7 8 9 11 12 | 12.4
Shields        | 4 5 6 7 8 9 11 12 | 12.4

Action                   |  1- 3 |  4- 6 |  7- 9 | 10-12 | 13-15 || total
-------------------------+-------+-------+-------+-------+-------++-------
Melee: War axe           |   105 |   115 |       |       |       ||   220
       Hand axe          |       |    77 |   510 |   838 |   617 ||  2042
       Kick              |       |       |       |       |   241 ||   241
Invok: Reject Sacrifices |       |       |     1 |       |       ||     1
       Sacrifice Health  |       |       |       |     1 |       ||     1
       Draw Out Power    |       |       |       |     1 |     1 ||     2
       Sacrifice Drink   |       |       |       |     1 |       ||     1
       Power Leap        |       |       |       |       |     2 ||     2
       Apocalypse        |       |       |       |       |     3 ||     3
       Sacrifice Words   |       |       |       |       |     1 ||     1
       Sacrifice Resista |       |       |       |       |     1 ||     1
Evoke: Wand              |       |       |     4 |     6 |    17 ||    27
  Use: Potion            |     1 |     2 |     1 |     3 |     4 ||    11
       Scroll            |       |       |     6 |     4 |     1 ||    11
 Stab: Paralysed         |       |       |       |    25 |    11 ||    36
       Invisible         |       |       |       |     1 |    10 ||    11
       Distracted        |       |       |       |     1 |       ||     1
  Eat: Ration            |       |     3 |     3 |     9 |     5 ||    20
Armor: Scale mail        |    71 |   119 |   221 |   237 |    20 ||   668
       Chain mail        |       |       |       |       |   193 ||   193
Dodge: Dodged            |    36 |    63 |   110 |   162 |    99 ||   470
Block: Shield            |    74 |    90 |   236 |   419 |   278 ||  1097
